AoeStats
← BeaNeanging

Nomad

510575788Analyzed
4v4 RM · 2d ago on Oct 1, 2026· 45m 21s· 8 players
Game mode
Random Map
Map size
231×231
Population
200
Speed
Normal
Resources
Standard
Victory
Conquest
Starting age
Dark Age
Ending age
Imperial Age
RankedLock teamsTeams togetherTeam positionsShared explorationLock speedFull tech treeHidden civsTurbo modeCheats
Victory
Defeat
🇺🇸 Gurjaras · United States
1373
+7
🇨🇦 Bengalis · Canada
1212
+12
🇨🇦 Saxons · Canada
1156
+14
🇺🇸 Sicilians · United States
1032
+18
🇩🇪 Koreans · Germany
1142
-14
🇮🇳 Saxons · India
1132
-13
🇫🇷 Japanese · France
1106
-12
🇮🇩 Huns · Indonesia
1105
-12
GR4Y_BE4RD
9:34 Loom
12:38 Feudal Age
15:17 Town Watch
18:14 Castle Age
18:53 Fletching
19:45 Wheelbarrow
20:56 Horse Collar
21:11 Double-Bit Axe
23:09 Man-at-Arms
23:34 Gambesons
23:50 Squires
25:31 Long Swordsman
26:50 Scale Mail Armor
29:22 Forging
35:33 Chain Mail Armor
37:47 Town Patrol
42:48 Arson
43:40 Iron Casting
Mandingo
5:26 Loom
15:14 Feudal Age
15:44 Double-Bit Axe
18:46 Fletching
23:17 Castle Age
23:05 Fishing Lines
23:49 Gold Mining
24:25 Medium Warships
24:11 Bodkin Arrow
24:56 Wheelbarrow
28:55 Ballistics
35:33 Imperial Age
33:40 Padded Archer Armor
33:45 Scale Barding Armor
34:26 Husbandry
34:37 Bloodlines
34:21 Horse Collar
35:42 Chain Barding Armor
35:38 Leather Archer Armor
37:02 Gold Shaft Mining
36:55 Bracer
37:31 Plate Barding Armor
36:32 Elite Elephant Archer
37:21 Gillnets
38:51 Paiks
41:05 Chemistry
40:37 Ring Archer Armor
44:52 Masonry
44:48 Siege Engineers
44:39 Murder Holes
44:42 Stone Mining
I ONLY MAKE HALBERDIERS
3:04 Loom
12:34 Feudal Age
15:20 Double-Bit Axe
15:15 Horse Collar
22:32 Castle Age
21:11 Gold Mining
22:17 Scale Barding Armor
22:34 Forging
37:57 Imperial Age
36:09 Bloodlines
36:02 Husbandry
37:25 Chain Barding Armor
38:35 Heavy Camel Rider
40:45 Plate Barding Armor
40:45 Iron Casting
44:20 Bow Saw
46:00 Wheelbarrow
45:10 Town Watch
BeaNeanging
15:08 Feudal Age
16:00 Loom
18:05 Man-at-Arms
23:28 Castle Age
22:07 Arson
22:16 Double-Bit Axe
24:32 Scale Mail Armor
26:31 Fletching
26:41 Padded Archer Armor
27:46 Gold Mining
27:47 Stone Mining
30:04 Forging
32:17 Wheelbarrow
42:03 Imperial Age
39:33 Horse Collar
40:27 Heavy Plow
41:19 Bow Saw
43:24 Chain Mail Armor
43:44 Iron Casting
44:34 Crop Rotation
44:09 Elite Serjeant
Eenoon
3:47 Loom
14:32 Feudal Age
15:39 Town Watch
17:43 Wheelbarrow
20:03 Castle Age
17:55 Gold Mining
17:53 Double-Bit Axe
18:03 Stone Mining
19:37 Fishing Lines
21:07 Forging
20:59 Scale Mail Armor
21:37 Wheelbarrow
21:44 Arson
22:00 Squires
23:19 Fletching
27:09 Iron Casting
29:40 Ballistics
29:01 Treadmill Crane
[DSbZ]Querkraft
4:31 Loom
14:02 Feudal Age
14:56 Double-Bit Axe
19:31 Fishing Lines
21:13 Wheelbarrow
21:04 Fletching
22:05 Stone Mining
25:09 Castle Age
23:35 Town Watch
26:29 Bodkin Arrow
28:29 Medium Warships
28:19 Gillnets
35:21 Imperial Age
38:05 Conscription
38:26 Scale Mail Armor
41:42 Gold Mining
42:28 Stone Shaft Mining
43:39 Ballistics
44:04 Ballistics
Q_Djarot
4:09 Loom
13:48 Feudal Age
17:36 Castle Age
18:45 Pikeman
20:41 Forging
20:34 Double-Bit Axe
20:30 Horse Collar
24:39 Bow Saw
24:32 Heavy Plow
30:52 Squires
30:56 Scale Mail Armor
35:52 Imperial Age
33:58 Wheelbarrow
34:17 Scale Barding Armor
35:46 Hand Cart
35:25 Gold Mining
35:28 Stone Mining
36:58 Iron Casting
36:44 Chain Barding Armor
37:00 Conscription
37:10 Elite Tarkan
38:15 Husbandry
39:55 Gold Shaft Mining
39:57 Plate Barding Armor
kailashsaravanaraj
16:35 Feudal Age
21:28 Castle Age
26:04 Stone Mining
33:07 Scale Mail Armor
34:16 Forging
35:36 Iron Casting
36:38 Chain Mail Armor
Connection lost

Rejoining the realm…

Still unreachable

The connection could not be restored.

Session expired

The server has moved on; the page needs a fresh start.